 Dungeon Crawl Stone Soup version 0.20-a0-544-g2b9a704 (webtiles) character file.

103 GlassEater the Shield-Bearer (level 4, -1/23 HPs)
             Began as a Vine Stalker Fighter on Jan 31, 2017.
             Slain by hellotanjent's ghost (6 damage)
             ... on level 3 of the Dungeon.
             The game lasted 00:03:10 (1731 turns).

GlassEater the Shield-Bearer (Vine Stalker Fighter) Turns: 1731, Time: 00:03:10

Health: -1/23      AC: 13    Str: 20    XL:     4   Next: 79%
Magic:  0/5        EV:  3    Int:  8    God:
Gold:   103        SH:  9    Dex: 13    Spells: 3/3 levels left

rFire    . . .     SeeInvis .     - Unarmed
rCold    . . .     Gourm    .   f - +0 plate armour
rNeg     . . .     Faith    .   b - +0 shield
rPois    .         Spirit   +   r - +0 helmet
rElec    .         Reflect  .   (no cloak)
rCorr    .         Harm     .   k - +0 pair of gloves
MR       .....                  (no boots)
Stlth    ..........             (no amulet)
Regen    0.5/turn               (no ring)
                                (no ring)

@: no status effects
A: fangs 2, regeneration 1, magic shield, antimagic bite, no potion heal 3, rot
immunity
a: no special abilities


You were on level 3 of the Dungeon.
You were not hungry.

You visited 1 branch of the dungeon, and saw 3 of its levels.

You collected 103 gold pieces.

Inventory:

Armour
 b - a +0 shield (worn)
 f - a +0 plate armour (worn)
 k - a +0 pair of gloves (worn)
 r - a +0 helmet (worn)
Jewellery
 p - an uncursed ring of magical power {unknown}
Scrolls
 g - a scroll of identify {unknown}
 h - 2 scrolls of remove curse {unknown}
 j - a scroll of enchant armour {unknown}
 q - a scroll of amnesia {unknown}
Potions
 c - 2 potions of might
 e - 2 potions of lignification {unknown}
 i - a potion of heal wounds {unknown}
 l - a potion of invisibility {unknown}
 n - a potion of haste {unknown}
Books
 a - a book of Changes

   Spells                             Type                      Level
   a - Beastly Appendage              Transmutation                1
   b - Sticks to Snakes               Transmutation                2
   c - Spider Form                    Transmutation/Poison         3
   d - Ice Form                       Ice/Transmutation            4
   e - Blade Hands                    Transmutation                5
Comestibles
 d - 3 bread rations
 m - a chunk of flesh
 o - a royal jelly


   Skills:
 + Level 2.8 Fighting
 + Level 2.7 Armour
 + Level 0.7 Dodging
 + Level 3.7 Shields
 + Level 3.1 Unarmed Combat


You had 3 spell levels left.
You didn't know any spells.

Dungeon Overview and Level Annotations

Branches:
Dungeon (3/15)

Altars:
Dithmenos
Elyvilon
Hepliaklqana
Nemelex Xobeh
Zin

Annotations:
D:3 hellotanjent's ghost, amateur GrFi


Innate Abilities, Weirdness & Mutations

You have extremely sharp teeth.
Your natural rate of healing is unusually fast.
When hurt, damage is shared between your health and your magic reserves.
Your bite disrupts and absorbs the magic of your enemies.
Potions cannot restore your health.
You are immune to rotting.


Message History

You hit hellotanjent's ghost but do no damage.
You bite hellotanjent's ghost, but do no damage.
Hellotanjent's ghost is lightly damaged.
Hellotanjent's ghost hits you.
Your plate armour prevents you from hitting hellotanjent's ghost.
Your bite misses hellotanjent's ghost.
Hellotanjent's ghost is lightly damaged.
Hellotanjent's ghost hits you.
* * * LOW HITPOINT WARNING * * *
You closely miss hellotanjent's ghost.
You bite hellotanjent's ghost, but do no damage.
Hellotanjent's ghost is lightly damaged.
Hellotanjent's ghost hits you.
* * * LOW HITPOINT WARNING * * *
You block hellotanjent's ghost's attack.
You hit hellotanjent's ghost.
You bite hellotanjent's ghost, but do no damage.
Hellotanjent's ghost is moderately damaged.
Hellotanjent's ghost hits you!
You die...

#.# ### #.# #.#
###.#.#
#.########.....#
..#..<...#.##.##
#.#.####.#....#
#.#.# #.).#..#
#W#.# #.#....#
##@#.# #......#
#...># #.#.##.#
###### #.... .#
#.### # #.# #.


You could see hellotanjent's ghost.

Vanquished Creatures
  Natasha (twice) (D:2)
  An adder (D:2)
  3 worms (D:2)
  A dart slug (D:2)
  3 giant cockroaches
  2 hobgoblins (D:2)
  2 jackals (D:2)
  2 kobolds
  3 bats (D:1)
  2 frilled lizards (D:1)
  5 goblins
  12 rats
38 creatures vanquished.

Notes
Turn   | Place    | Note
-------+----------+-------------------------------------------
     0 | D:1      | GlassEater the Vine Stalker Fighter began the quest for the Orb.
     0 | D:1      | Reached XP level 1. HP: 11/11 MP: 2/2
   283 | D:1      | Reached XP level 2. HP: 16/16 MP: 3/3
   911 | D:2      | Reached XP level 3. HP: 16/19 MP: 4/4
  1109 | D:2      | Noticed Natasha
  1118 | D:2      | Killed Natasha
  1206 | D:2      | Noticed Natasha
  1220 | D:2      | Killed Natasha
  1220 | D:2      | Gained mutation: Your natural rate of healing is unusually fast. [Vine Stalker growth]
  1220 | D:2      | Reached XP level 4. HP: 21/23 MP: 5/5
  1379 | D:2      | Found a sparkling altar of Nemelex Xobeh.
  1379 | D:2      | Found a hazy altar of Hepliaklqana.
  1385 | D:2      | Found a glowing silver altar of Zin.
  1623 | D:2      | Found a shadowy altar of Dithmenos.
  1625 | D:2      | Found a white marble altar of Elyvilon.
  1716 | D:3      | Noticed hellotanjent's ghost (amateur GrFi)
  1731 | D:3      | Slain by hellotanjent's ghost

Vault maps used:
D:1:      lightli_molten_gateway
D:2:      minitemple, uniq_natasha
D:3:      first_bread, makhleb_altar_promises_db

Skill      XL: |  1  2  3 |
---------------+----------+-----
Shields        | 3 |  3.7
Unarmed Combat | 3 |  3.1
Fighting       | |  2.8
Armour         | |  2.7
Dodging        | |  0.7

Action                   |  1- 3 |  4- 6 || total
-------------------------+-------+-------++-------
Melee: Unarmed           |   105 |    56 ||   161
       Bite              |    34 |    25 ||    59
  Eat: Chunk             |     1 |     2 ||     3
Armor: Scale mail        |    18 |       ||    18
       Plate armour      |    40 |    25 ||    65
Dodge: Dodged            |    17 |     5 ||    22
Block: Shield            |    59 |    16 ||    75
